 Dungeon Crawl Stone Soup version 0.30-a0-141-g30f27751c5 (webtiles) character file.

Game seed: 3062410028667415685

141 qw the Chopper (level 5, -3/32 HPs)
             Began as a Gargoyle Fighter on Sept 25, 2022.
             Slain by an orc
             ... wielding a +0 flail
              (6 damage)
             ... on level 4 of the Dungeon.
             The game lasted 00:00:58 (3253 turns).

qw the Chopper (Gargoyle Fighter)                   Turns: 3253, Time: 00:00:59

Health: -3/32      AC: 10    Str: 22    XL:     5   Next: 24%
Magic:  5/5        EV:  9    Int:  8    God:
Gold:   247        SH:  5    Dex: 15    Spells: 4/4 levels left

rFire   . . .      SeeInvis .    Y - +1 war axe
rCold   . . .      Faith    .    c - +0 buckler
rNeg    + . .      Spirit   .    b - +0 scale mail
rPois   inf        Reflect  .    (no helmet)
rElec   +          Harm     .    (no cloak)
rCorr   .          Rampage  .    (no gloves)
Will    .....                    (no boots)
Stlth   ..........               (no amulet)
HPRegen 0.10/turn                f - +6 ring of dexterity
MPRegen 0.09/turn                (no ring)

@: about to teleport
A: sickness immunity, AC +4, negative energy resistance 1, electricity
resistance, torment resistance 1, petrification resistance
a: no special abilities


You were on level 4 of the Dungeon.
You visited 1 branch of the dungeon, and saw 4 of its levels.

You collected 247 gold pieces.


Innate Abilities, Weirdness & Mutations

You are immune to sickness and miasma.
Your stone body is resilient. (AC +4)
You are immune to poison.
You resist negative energy. (rN+)
You are resistant to electric shocks. (rElec)
You are resistant to unholy torment.
You are immune to petrification.


   Skills:
 - Level 3.2 Fighting
 + Level 4.5 Axes
 - Level 3.2 Armour
 - Level 1.0 Dodging
 - Level 3.2 Shields


You had 4 spell levels left.
You didn't know any spells.
Your spell library was empty.

Inventory:

Hand Weapons
 q - the +5 whip "Koleroxtom" {spect, rElec Str+2 Dex+4}
   (You found it on level 2 of the Dungeon)

   When its wielder attacks, the weapon's spirit leaps out and strikes again.
   The spirit shares a part of any damage it takes with its wielder.
   Str:       It affects your strength (+2).
   Dex:       It affects your dexterity (+4).
   rElec:     It insulates you from electricity.
 Y - a +1 war axe (weapon)
Armour
 b - a +0 scale mail (worn)
 c - a +0 buckler (worn)
Jewellery
 f - a +6 ring of dexterity (left hand)
Scrolls
 a - a scroll of identify
 e - a scroll of magic mapping {unknown}
Potions
 d - 2 potions of might
 i - a potion of curing {unknown}
 k - a potion of invisibility {unknown}
 n - 2 potions of lignification
 p - 2 potions of attraction {unknown}

Dungeon Overview and Level Annotations

Branches:
Dungeon (4/15)
 Temple: D:4-7

Altars:
Sif Muna


Message History

The ball python grabs you. The ball python constricts you.
You have reached level 5!
You slash the ball python!
You kill the ball python!
You barely miss the orc. You slash the orc priest!
The orc priest is severely wounded.
You hit the orc. You block the orc's attack.
The orc priest invokes the aid of Beogh against you.
You are unaffected.
You block the orc's attack. You block the orc priest's attack.
An orc wizard comes into view.
It is wielding a +0 dagger and wearing a +2 robe of resistance.
You barely miss the orc priest.
The orc priest is severely wounded.
You hit the orc but do no damage. The orc hits you with a +0 flail.
The orc priest closely misses you.
You hit the orc priest.
The orc priest is severely wounded.
You hit the orc but do no damage. The orc closely misses you.
The orc priest looks satisfied for a moment.
You hit the orc priest.
The orc priest is almost dead.
You hit the orc but do no damage. The orc hits you but does no damage.
The orc priest barely misses you. You block the orc's attack.
The orc priest mumbles some strange prayers to Beogh against you.
Beogh smites you!
You barely miss the orc priest.
The orc priest is almost dead.
You hit the orc but do no damage. The orc closely misses you.
The orc priest calls down the wrath of Beogh upon you.
Beogh smites you!
3253 ||| READING scroll of teleportation.
As you read the scroll of teleportation, it crumbles to dust.
You feel strangely unstable. The orc hits you with a +0 flail.
You die...

.... ... ... ......
.. ..# .. ..# #.#
#.## ..# ##. #.#
.o#..# .. #.# #o#.#
.# #.####@o.# #.
#........# .
#.##........#
#.###....#####.....#
#.......# ##.####.#
##.....####.# ..
##.........## #
##.##..##..# ###.#
#...#..## .##


You could see an orc priest, an orc wizard and an orc.

Vanquished Creatures
  An orc priest (D:4)
  2 adders (D:2)
  2 worms
  A dart slug (D:1)
  5 orcs (D:4)
  8 ball pythons
  A bat (D:2)
  6 endoplasms
  4 hobgoblins
  21 jackals
  7 kobolds
  3 quokkas
  A frilled lizard (D:1)
  A giant cockroach (D:1)
  3 goblins
  7 rats
73 creatures vanquished.

Vanquished Creatures (others)
  10 plants (D:1)
10 creatures vanquished.

Grand Total: 83 creatures vanquished

Notes
Turn   | Place    | Note
-------+----------+-------------------------------------------
     0 | D:1      | qw the Gargoyle Fighter began the quest for the Orb.
     0 | D:1      | Reached XP level 1. HP: 14/14 MP: 1/1
     0 | D:1      | 0 ||| qw: Version: 0.2-a-10-g399e6c4
     0 | D:1      | 0 ||| qw: Game counter: 359
     0 | D:1      | 0 ||| qw: Always use a shield: true
     0 | D:1      | 0 ||| qw: God list: Okawaru
     0 | D:1      | 0 ||| qw: Allow faded altars: false
     0 | D:1      | 0 ||| qw: Do Orc after D:15 true
     0 | D:1      | 0 ||| qw: Do second Lair branch before Depths: true
     0 | D:1      | 0 ||| qw: Lair rune preference: random
     0 | D:1      | 0 ||| qw: Plans: Normal, Zot:1-4, God:TSO, Crypt, Tomb,
                  | Pan, Slime:5, Hells, Abyss, Orb
     0 | D:1      | 0 ||| PLANNING D:1-11
   122 | D:1      | Reached skill level 2 in Axes
   301 | D:1      | Found a faded altar of an unknown god.
   304 | D:1      | Reached XP level 2. HP: 15/19 MP: 2/2
   679 | D:1      | 679 ||| Stepping ~*~*~tactically~*~*~ (stealth).
   682 | D:1      | 682 ||| Stepping ~*~*~tactically~*~*~ (stealth).
   722 | D:1      | 722 ||| Stepping ~*~*~tactically~*~*~ (stealth).
   744 | D:1      | Reached skill level 3 in Axes
   913 | D:1      | 913 ||| READING 2 scrolls labelled URAAX YMOLLIMI.
   914 | D:1      | 914 ||| READING scroll labelled RINIECA QEESCH.
   915 | D:1      | 915 ||| DROPPING scroll of vulnerability.
  1009 | D:2      | Reached XP level 3. HP: 23/23 MP: 3/3
  1595 | D:2      | Reached XP level 4. HP: 28/28 MP: 4/4
  1733 | D:2      | Identified the +5 whip "Koleroxtom" {spect, rElec Str+2
                  | Dex+4}
  1735 | D:2      | 1735 ||| DROPPING +0 whip.
  1953 | D:2      | 1953 ||| DROPPING scarf of harm.
  1954 | D:2      | 1954 ||| UPGRADING to +6 ring of dexterity.
  1955 | D:2      | 1955 ||| DROPPING ring of magical power.
  1956 | D:2      | 1956 ||| READING scroll labelled QONOFA FILOZXO.
  1959 | D:2      | 1959 ||| READING 3 scrolls labelled ITIZ DEIRYU.
  1960 | D:2      | 1960 ||| READING scroll labelled GUJONTUSOC.
  1961 | D:2      | 1961 ||| READING scroll labelled ANYMIZX CAAT.
  1962 | D:2      | 1962 ||| READING scroll labelled JAMERO LOENLO.
  1963 | D:2      | 1963 ||| DRINKING 2 smoky red potions.
  1964 | D:2      | 1964 ||| DRINKING 2 silvery potions.
  2065 | D:2      | 2065 ||| DRINKING 2 bubbling sapphire potions.
  2116 | D:2      | 2116 ||| DROPPING 2 scrolls of poison.
  2117 | D:2      | 2117 ||| DROPPING potion of magic.
  2118 | D:2      | 2118 ||| DROPPING potion of ambrosia.
  2434 | D:3      | 2434 ||| Stepping ~*~*~tactically~*~*~ (stealth).
  2435 | D:3      | 2435 ||| Stepping ~*~*~tactically~*~*~ (stealth).
  2449 | D:3      | 2449 ||| Stepping ~*~*~tactically~*~*~ (stealth).
  2450 | D:3      | 2450 ||| Stepping ~*~*~tactically~*~*~ (stealth).
  2451 | D:3      | 2451 ||| Stepping ~*~*~tactically~*~*~ (stealth).
  2794 | D:3      | Reached skill level 1 in Dodging
  2885 | D:3      | 2885 ||| Stepping ~*~*~tactically~*~*~ (stealth).
  2888 | D:3      | Reached skill level 4 in Axes
  2972 | D:3      | 2972 ||| DROPPING orb of wrath.
  2973 | D:3      | 2973 ||| DROPPING ring of wizardry.
  2974 | D:3      | 2974 ||| READING scroll labelled XEIDUN HUUZEI.
  2975 | D:3      | 2975 ||| READING scroll labelled KOHIN GIFUOLLO.
  2997 | D:4      | 2997 ||| Stepping ~*~*~tactically~*~*~ (stealth).
  3042 | D:4      | Found a shimmering blue altar of Sif Muna.
  3126 | D:4      | 3126 ||| Stepping ~*~*~tactically~*~*~ (stealth).
  3238 | D:4      | 3238 ||| Stepping ~*~*~tactically~*~*~ (hiding).
  3246 | D:4      | Reached XP level 5. HP: 32/32 MP: 5/5
  3252 | D:4      | HP: 3/32 [orc priest/divine providence (14)]
  3253 | D:4      | 3253 ||| READING scroll of teleportation.
  3253 | D:4      | Slain by an orc

Levels and vault maps discovered:
D:1:      denvon_arrival_waterhouse, layout_loops_cross,
          ebering_ecumenical_altar_webs, lexackson_kobold_supper
D:2:      layout_loops_cross, kennysheep_generic_room_16
D:3:      layout_basic
D:4:      layout_layer_cave, mainiacjoe_overflow_alcove_2, old_standard_altar,
          mainiacjoe_overflow_tiny_flanked, kennysheep_nondescript,
          minmay_goblin_kobold_house

Skill      XL: |  1  2  3  4 |
---------------+-------------+-----
Axes           | 2 3 4 |  4.5
Dodging        | 1 |  1.0
Fighting       | |  3.2
Armour         | |  3.2
Shields        | |  3.2

Action                   |  1- 3 |  4- 6 || total
-------------------------+-------+-------++-------
Melee: War axe           |    73 |    81 ||   154
Throw: Boomerang         |    31 |     9 ||    40
  Use: Scroll            |     2 |     8 ||    10
       Potion            |       |     3 ||     3
Armor: Scale mail        |    35 |    29 ||    64
Dodge: Dodged            |    34 |    28 ||    62
Block: Buckler           |    12 |    22 ||    34

Table legend:
 A = Non-vault XP
 B = Vault XP
 C = Vault XP percentage of total XP
 D = Non-vault monster count
 E = Vault monster count
 F = Vault count percentage of total count
                 A         B        C        D         E       F
            +---------+---------+-------+---------+---------+-------
      Total |     189 |      13 |   6.4 |      63 |      10 |  13.7
            +---------+---------+-------+---------+---------+-------
        D:1 |      22 |       9 |  29.0 |      12 |       8 |  40.0
        D:2 |      63 |       4 |   6.0 |      21 |       2 |   8.7
        D:3 |      43 |       0 |   0.0 |      21 |       0 |   0.0
        D:4 |      61 |       0 |   0.0 |       9 |       0 |   0.0
            +---------+---------+-------+---------+---------+-------
